 Dungeon Crawl Stone Soup version 0.29-a0-111-gbaf749a769 (webtiles) character file.

Game seed: 5606661724546733595

168 kae the Ruffian (level 5, 0/41 HPs)
             Began as a Draconian Transmuter on Feb 17, 2022.
             Succumbed to Robin's poison
             ... on level 2 of the Dungeon.
             The game lasted 00:01:03 (1821 turns).

kae the Ruffian (Draconian Transmuter)              Turns: 1821, Time: 00:01:03

Health: 0/41       AC:  5    Str: 13    XL:     5   Next: 24%
Magic:  6/8        EV: 12    Int: 15    God:
Gold:   60         SH:  0    Dex: 11    Spells: 4/8 levels left

rFire   . . .      SeeInvis .     - Unarmed
rCold   . . .      Faith    .   (no shield)
rNeg    . . .      Spirit   .   (armour unavailable)
rPois   .          Reflect  .   (helmet restricted)
rElec   .          Harm     .   (no cloak)
rCorr   .          Rampage  .   (no gloves)
Will    .....                   (no boots)
Stlth   +.........              (no amulet)
HPRegen 0.13/turn               (no ring)
MPRegen 0.11/turn               (no ring)

@: lethally poisoned (0 -> -14), attractive
A: AC +5, unfitting armour, cold-blooded
a: no special abilities


You were on level 2 of the Dungeon.
You visited 1 branch of the dungeon, and saw 2 of its levels.

You collected 60 gold pieces.

Inventory:

Wands
 g - a wand of flame (16)
Scrolls
 a - 4 scrolls of identify {unknown}
 b - 3 scrolls of teleportation {unknown}
 c - 3 scrolls of enchant armour {unknown}
 f - a scroll of immolation {unknown}


   Skills:
 + Level 2.0 Fighting
 + Level 2.4 Dodging
 * Level 4.0 Unarmed Combat
 + Level 2.3 Spellcasting
 * Level 3.3 Transmutations
 * Level 1.3 Poison Magic


You had 4 spell levels left.
You knew the following spells:

 Your Spells              Type           Power      Damage    Failure   Level
a - Beastly Appendage     Tmut           22%        N/A       5%          1
b - Spider Form           Tmut/Pois      8%         N/A       24%         3

Your spell library contained the following spells:

 Spells                   Type           Power      Damage    Failure   Level
 Wereblood                Tmut           11%        N/A       9%          2
 Ice Form                 Ice/Tmut       6%         N/A       71%         4


Dungeon Overview and Level Annotations

Branches:
Dungeon (2/15)

Altars:

Annotations:
D:2 Robin


Innate Abilities, Weirdness & Mutations

Your plain brown scales are hard. (AC +5)
You cannot fit into any form of body armour.
You are cold-blooded and may be slowed by cold attacks.


Message History

The goblins go into a battle-frenzy!
You bite Natasha!
Natasha is almost dead.
You kill Natasha!
You feel Natasha's spirit has finally been put to rest.
The goblin completely misses you. The goblin hits you with a +0 dagger.
The goblin closely misses you. Robin throws the goblin at you!
Your Fighting skill increases to level 2!
Your Unarmed Combat skill increases to level 4!
You hit the goblin.
The goblin is poisoned.
The goblin is severely wounded.
Your transformation has ended.
You kill the goblin!
The goblin hits you but does no damage. The goblin barely misses you.
The goblin hits you with a +0 club. Robin throws the goblin at you!
You miss the goblin.
Your tail-slap misses the goblin.
The goblin hits you with a +0 dagger. The goblin misses you.
The goblin hits you with a +0 club.
You hit the goblin but do no damage. The goblin barely misses you.
The goblin closely misses you. The goblin hits you but does no damage.
Robin roars a battlecry!
The goblin goes into a battle-frenzy!
You hit the goblin.
The goblin is severely wounded.
The goblin closely misses you. The goblin barely misses you.
The goblin completely misses you. Robin hits you but does no damage.
You are poisoned.
It was a potion of attraction.
You feel attractive to monsters.
You feel sick. The goblin hits you with a +0 dagger.
* * * LOW HITPOINT WARNING * * *
The goblin closely misses you. The goblin hits you with a +0 club.
* * * LOW HITPOINT WARNING * * *
Robin hits you with a +3 short sword of venom.
* * * LOW HITPOINT WARNING * * *
You are more poisoned.
It was a potion of cancellation.
Your magical effects are unravelling.
You feel magically purged.
You die... ##..#..# ggg.. #..#..###### ggg

#).......... ###g# ###
#..#..##### ##.gg# ...
#####....## ##..#..# ...
.......<.#### ######g.###.## ...
#...........####gg.g.........g...
...............gg###..####.###...
..#.........##.g@##..## #.###†..
.......###.###.#g##.## #.##....
.#...).###.###[#.##.# ##)##.###
.##............#....# #...†.#
.##.....##..........#####.##.##
.##.....##...###..........##.##
.....##..##..# #...........#..##
.............###...).....#.##..#
...............#.........#.###.#


You could see Robin, a hobgoblin (strong) and 4 goblins.

Vanquished Creatures
  Jessica (D:2)
  Natasha (thrice) (D:2)
  A worm (D:2)
  An orc (D:2)
  6 ball pythons
  5 endoplasms
  5 giant cockroaches
  9 goblins
  6 hobgoblins
  4 jackals (D:1)
  2 quokkas (D:2)
  7 bats
  4 frilled lizards
  3 kobolds
  A rat (D:1)
58 creatures vanquished.

Notes
Turn   | Place    | Note
-------+----------+-------------------------------------------
     0 | D:1      | kae the Draconian Transmuter began the quest for the Orb.
     0 | D:1      | Reached XP level 1. HP: 16/16 MP: 3/3
    72 | D:1      | Reached XP level 2. HP: 19/23 MP: 3/5
   472 | D:1      | Found a faded altar of an unknown god.
   544 | D:1      | Reached XP level 3. HP: 28/28 MP: 4/6
   877 | D:2      | Learned a level 3 spell: Spider Form
  1141 | D:2      | Noticed Natasha
  1149 | D:2      | Killed Natasha
  1232 | D:2      | Reached XP level 4. HP: 35/35 MP: 7/7
  1373 | D:2      | Noticed Natasha
  1383 | D:2      | Killed Natasha
  1638 | D:2      | Noticed Jessica
  1642 | D:2      | Killed Jessica
  1643 | D:2      | Reached skill level 1 in Poison Magic
  1786 | D:2      | Noticed Robin
  1803 | D:2      | Reached XP level 5. HP: 41/41 MP: 4/8
  1804 | D:2      | Noticed Natasha
  1815 | D:2      | Killed Natasha
  1816 | D:2      | Reached skill level 4 in Unarmed Combat
  1821 | D:2      | Succumbed to Robin's poison

Illustrated notes

Levels and vault maps discovered:
D:1:      lemuel_arrival_lava_pool, layout_rooms, basic_ecumenical_altar,
          minmay_tromino_i2
D:2:      minmay_angry_zag, layout_rooms, uniq_robin, uniq_natasha, uniq_jessica

Skill      XL: |  1  2  3  4  5 |
---------------+----------------+-----
Dodging        | 2 |  2.4
Transmutations | 3 |  3.3
Poison Magic   | 1 |  1.3
Fighting       | 2 |  2.0
Unarmed Combat | 4 |  4.0
Spellcasting   | |  2.3

Action                   |  1- 3 |  4- 6 || total
-------------------------+-------+-------++-------
Melee: Unarmed           |   134 |    54 ||   188
       Kick              |    14 |     3 ||    17
       Tailslap          |    13 |     4 ||    17
       Headbutt          |     8 |     2 ||    10
       Punch             |       |     1 ||     1
 Cast: Beastly Appendage |    18 |     7 ||    25
       Spider Form       |       |     1 ||     1
  Use: Potion            |       |     2 ||     2
 Stab: Distracted        |     1 |       ||     1
       Sleeping          |     1 |     1 ||     2
Armor: Skin              |    70 |    13 ||    83
Dodge: Dodged            |   118 |    35 ||   153

Table legend: (Time is in decaauts)
 A = Elapsed time spent in this place.
 B = Non-inter-level travel time spent in this place.
 C = Inter-level travel time spent in this place.
 D = Time resting spent in this place.
 E = Time spent auto-exploring this place.
 F = Levels seen in this place.
 G = Mean time per level.
                   A        B        C        D        E       F      G
               +--------+--------+--------+--------+--------+-----+--------+
         Total |   1815 |   1800 |     15 |     91 |   1315 |   2 |  907.5 |
       Dungeon |   1815 |   1800 |     15 |     91 |   1315 |   2 |  907.5 |
               +--------+--------+--------+--------+--------+-----+--------+

Top non-repeatable levels by time:
     D:2: 1075 daAuts
     D:1: 739 daAuts
